[Event "Early-Titled-Tuesday-Blitz-March-19-2024"]
[Site "Chess.com"]
[Date "2024.03.19"]
[Round "5"]
[White "leandrojimenez"]
[Black "MikeSailer"]
[Result "1-0"]
[WhiteElo "2413"]
[BlackElo "2122"]
[TimeControl "180+1"]
[EndTime "8:57:43 PDT"]
[Termination "leandrojimenez won on time"]

1. d4 d5 2. c4 Bf5 3. Nc3 e6 4.
cxd5 exd5 5. Nf3 Bb4 6. Qb3 Nc6 7. Bf4 Nf6 8. e3 Ne4 9. Bb5 O-O 10. O-O Bxc3 11. bxc3 g5 12. Bg3 g4 13. Nh4 Nd2 14.
Qd1 Nxf1 15. Nxf5 Qg5 16. Bd3 Nxg3 17. hxg3 Rfe8 18. Rb1 Na5 19. Rb5 Nc4 20. Rxd5 Nb2 21. Qc2 Nxd3 22. Qxd3 Rad8 23. Rb5 b6 24. Nd6 Qg6 25.
Qxg6+ hxg6 26. Nxe8 Rxe8 27. Kf1 f5 28. Ke2 Kf7 29.
a4 Ke6 30. Re5+ Kd7 31. Rxe8 Kxe8 32. f3 gxf3+ 33. gxf3 Kd7 34. e4 c6 35. Ke3 a5 36.
Kd3 Kd6 37. Kc4 Ke6 38. d5+ cxd5+ 39. exd5+ Kd6 40. Kd4 g5 41. c4 g4 42. f4 1-0

[Event "Early-Titled-Tuesday-Blitz-March-19-2024"]
[Site "Chess.com"]
[Date "2024.03.19"]
[Round "5"]
[White "BilodeauA"]
[Black "CSB7"]
[Result "1-0"]
[WhiteElo "3047"]
[BlackElo "2779"]
[TimeControl "180+1"]
[EndTime "8:57:44 PDT"]
[Termination "BilodeauA won by resignation"]

1. e4 c5 2. Nf3 Nc6 3. Nc3 e6 4. h3 a6 5. d4 cxd4 6. Nxd4 Qc7 7. Nxc6 dxc6 8. a4 e5 9. Bc4 Bc5 10. O-O Ne7 11. Kh1 Ng6 12. Ne2 O-O 13. Ng3 Be6 14.
Bxe6 fxe6 15. Qe2 Qb6 16. f3 Rad8 17. Qc4 Rfe8 18. c3 a5 19. Bg5 Rd7 20. Rad1 Rf7 21. Ne2 Be3 22. Bxe3 Qxe3 23. Qd3 Qg5 24. Qd2 Qh5 25.
Qe3 Nh4 26. Ng3 Qg6 27. Kh2 Ref8 28. Rd2 Rf4 29. Qc5 Qg5 30. Rd7 h6 31. Qe7 Qg6 32. Qd6 Nxf3+ 33. gxf3 Rxf3 34. Rxf3 Rxf3 35. Qxe5 Rf2+ 36.
Kg1 Rxb2 37. Rd8+ Kh7 38. Qb8 Rb1+ 39. Kf2 Rb2+ 40. Ke1 Rb1+ 41. Ke2 Rb2+ 42. Kd1 Qg5 43. Rh8+ Kg6 44. Qe8+ Kf6 45. Rf8+ Ke5 46. Rf5+ 1-0

[Event "Early-Titled-Tuesday-Blitz-March-19-2024"]
[Site "Chess.com"]
[Date "2024.03.19"]
[Round "5"]
[White "KuzubovYuriy"]
[Black "BilicVladimir"]
[Result "1-0"]
[WhiteElo "2907"]
[BlackElo "2706"]
[TimeControl "180+1"]
[EndTime "8:57:44 PDT"]
[Termination "KuzubovYuriy won by resignation"]

1. d4 c6 2. c4 d5 3. Nf3 Nf6 4. Nc3 a6 5. Qc2 b5 6. cxd5 cxd5 7. Bf4 Bb7 8. e3 e6 9. Bd3 Bd6 10. O-O Bxf4 11. exf4 O-O 12. Rac1 Nc6 13. Qd2 Rc8 14. Rfe1 Qb6 15. Bb1 Rfd8 16. f5 exf5 17. Bxf5 Rc7 18. h3 Ne7 19. Bb1 Ng6 20. Qg5 Rcc8 21. h4 h6 22. Qf5 Qd6 23. g3 Rc7 24. Ne5 Nf8 25. Nd3 Bc8 26. Qe5 Qxe5 27. dxe5 Ne4 28. Nxe4 Rxc1 29.
Nf6+ gxf6 30. Rxc1 fxe5 31. Nxe5 d4 32. Nc6 Rd7 33. Bf5 Ne6 34. Bxe6 fxe6 35. Nxd4 Rxd4 36. Rxc8+ Kf7 37. Ra8 a5 38. Rxa5 b4 39. Rb5 Kf6 40. a3 bxa3 41. bxa3 Rd1+ 42. Kg2 Ra1 43. Ra5 h5 44.
Ra8 Kf5 45. a4 Ke4 46. a5 e5 47. a6 Ra5 48. a7 Ra1 49. g4 hxg4 50. h5 Ra6 51. h6 g3 52. h7 gxf2 53. h8=Q 1-0

[Event "Early-Titled-Tuesday-Blitz-March-19-2024"]
[Site "Chess.com"]
[Date "2024.03.19"]
[Round "5"]
[White "KNVB"]
[Black "GreenPeach24"]
[Result "1-0"]
[WhiteElo "2814"]
[BlackElo "2559"]
[TimeControl "180+1"]
[EndTime "8:57:44 PDT"]
[Termination "KNVB won on time"]

1. e4 c6 2. d3 d5 3. Nd2 e5 4.
g3 Nf6 5. Bg2 Bc5 6. Ngf3 Nbd7 7. exd5 cxd5 8. d4 exd4 9. O-O O-O 10. Nb3 Bd6 11. Nbxd4 Ne5 12. Nxe5 Bxe5 13. Re1 Re8 14.
Be3 Ng4 15. c3 a6 16. Qd2 Nxe3 17. Rxe3 Bf6 18. Rxe8+ Qxe8 19. Bxd5 Qd8 20. Bg2 Bg4 21.
h3 Bh5 22. Re1 Qc7 23. Qe3 h6 24. Qe4 Rb8 25. Qd5 Bg6 26. Be4 Bxe4 27. Rxe4 Rd8 28. Qb3 Bxd4 29. Rxd4 Re8 30. Qd1 Qa5 31. a3 Re7 32.
Rd8+ Kh7 33. Rd5 Qb6 34. Qd3+ g6 35. Qd2 Qe6 36. h4 b5 37. Rd6 Qe4 38. Rd4 Qb1+ 39. Kg2 Re1 40. Qf4 Re7 41. Qf6 Qe1 42. Rd8 Qe4+ 43.
Kh2 Qh1+ 44. Kxh1 Re1+ 45. Kg2 Rg1+ 46. Kxg1 1-0

[Event "Early-Titled-Tuesday-Blitz-March-19-2024"]
[Site "Chess.com"]
[Date "2024.03.19"]
[Round "5"]
[White "profedechess93"]
[Black "Rogarcia1"]
[Result "0-1"]
[WhiteElo "2645"]
[BlackElo "2505"]
[TimeControl "180+1"]
[EndTime "8:57:45 PDT"]
[Termination "Rogarcia1 won on time"]

1. e4 c5 2. Nf3 d6 3. Bb5+ Bd7 4. Bxd7+ Nxd7 5. O-O Ngf6 6. Qe2 e6 7. b3 Be7 8.
Bb2 O-O 9. d4 cxd4 10. Nxd4 Nc5 11.
Nd2 a6 12. c4 Re8 13. f4 d5 14. cxd5 exd5 15. e5 Nfe4 16. N2f3 Qb6 17. g3 f6 18. Kg2 fxe5 19. Nxe5 Bf6 20. Ndf3 Rad8 21. Bd4 Qd6 22. Rac1 Ne6 23. Bb2 N6c5 24. Ba3 Qb6 25. Rfd1 Qa5 26.
Qb2 Nd7 27. Bd6 Nxe5 28. fxe5 Rxd6 29. exf6 Nxf6 30. b4 Qb6 31. Nd4 Ne4 32. Rf1 Rf6 33.
Nf5 Qe6 34. Nd4 Qe5 35. Rxf6 Qxf6 36. Rf1 Qe5 37. Qa1 Rc8 38. Nf3 Rc2+ 39. Kg1 Qxa1 40.
Rxa1 Rc3 41. Kg2 Rc2+ 42. Kg1 Kf8 43. Rd1 Nc3 44. Rd3 Ke7 45. Nd4 Rc1+ 46. Kg2 Kd6 47. Nb3 Rc2+ 48. Kh3 Ke5 49. Nc5 Ne4 0-1

[Event "Early-Titled-Tuesday-Blitz-March-19-2024"]
[Site "Chess.com"]
[Date "2024.03.19"]
[Round "5"]
[White "RoelandPruijssers"]
[Black "alexrustemov"]
[Result "1/2-1/2"]
[WhiteElo "2705"]
[BlackElo "2871"]
[TimeControl "180+1"]
[EndTime "8:57:46 PDT"]
[Termination "Game drawn by repetition"]

1. e4 e6 2. d4 d5 3. Nd2 dxe4 4.
Nxe4 Bd7 5. Nf3 Bc6 6. Bd3 Nd7 7. O-O Ngf6 8. Ned2 Be7 9. Nc4 Bd5 10. Ne3 Bc6 11. Nc4 Bd5 12. Ne3 Be4 13. Be2 O-O 14. c4 b6 15. b3 Bb7 16. Bb2 Re8 17. Re1 c6 18. Qc2 Qc7 19. Rad1 Rad8 20. h3 h6 21. Bf1 Bf8 22.
Ne5 c5 23. Nxd7 Nxd7 24. d5 exd5 25. Nxd5 Bxd5 26. Rxe8 Rxe8 27. Rxd5 Be7 28. Qf5 Nf6 29. Rd1 Qc8 30. Qf3 Rd8 31. Re1 Qd7 32. Qe3 Kf8 33. g3 Re8 34. Qf3 Rd8 35. Bg2 Ne8 36. Qe4 g6 37. Qe3 Bg5 38. Qc3 Qd4 39. Qxd4 cxd4 40.
Bd5 Bf6 41. Rd1 Nc7 42. Bxd4 Bxd4 43. Rxd4 Nxd5 44. cxd5 Ke7 45. Kg2 Kd6 46. Rd2 Re8 47. Kf3 Re5 48. Rd4 Rxd5 49. Ke4 Rxd4+ 50. Kxd4 h5 51. h4 f6 52. Ke4 Ke6 53. f4 f5+ 54. Kd4 Kd6 55. a4 a5 56. Kc4 Kc6 57. Kd4 Kd6 58. Kc4 Kc6 59. Kd4 Kd6 1/2-1/2

[Event "Early-Titled-Tuesday-Blitz-March-19-2024"]
[Site "Chess.com"]
[Date "2024.03.19"]
[Round "5"]
[White "Kaissa10"]
[Black "zurzan"]
[Result "1-0"]
[WhiteElo "2290"]
[BlackElo "2033"]
[TimeControl "180+1"]
[EndTime "8:57:46 PDT"]
[Termination "Kaissa10 won on time"]

1. e4 c5 2. Nf3 g6 3. d4 cxd4 4. Qxd4 Nf6 5. Nc3 Nc6 6. Qa4 Bg7 7. e5 Ng8 8. Bf4 f6 9. exf6 Nxf6 10. Bc4 Qa5 11.
Qxa5 Nxa5 12. Bb5 a6 13. Bd3 O-O 14. O-O Nc6 15. Rfe1 d6 16. Bg5 Bf5 17. Bc4+ Kh8 18. Rad1 Bxc2 19. Rd2 Bf5 20. Nd5 Nxd5 21. Bxd5 e5 22.
Bxc6 bxc6 23. Rxd6 e4 24. Nd4 c5 25. Nxf5 gxf5 26. Be3 Rfc8 27. b3 a5 28. Red1 c4 29.
bxc4 Be5 30. R6d5 Bc3 31. c5 Bb4 32. Rxf5 a4 33. h4 Ra5 34. Rd7 Bc3 35. Rff7 h5 36. Rh7+ Kg8 37. Rxh5 Raa8 38. Rg5+ Kh8 39. Rgd5 Rg8 40.
Kh2 Rac8 41. Kh3 Rce8 42. g4 Ref8 43. g5 Rf3+ 44. Kg2 1-0

[Event "Early-Titled-Tuesday-Blitz-March-19-2024"]
[Site "Chess.com"]
[Date "2024.03.19"]
[Round "5"]
[White "Saxar85"]
[Black "RebelJohnny"]
[Result "0-1"]
[WhiteElo "2724"]
[BlackElo "2551"]
[TimeControl "180+1"]
[EndTime "8:57:48 PDT"]
[Termination "RebelJohnny won on time"]

1. e4 c5 2. Nf3 d6 3. Bb5+ Bd7 4.
c4 Bxb5 5. cxb5 Nf6 6. Nc3 g6 7. O-O Bg7 8. d4 cxd4 9. Nxd4 Nbd7 10. Qe2 O-O 11. Rd1 Qc7 12. Be3 Ne5 13. Rac1 Rfc8 14.
h3 Qa5 15. Bd2 Qd8 16. b3 e6 17. a4 d5 18. Bf4 Nh5 19. Bh2 Qh4 20. Bxe5 Bxe5 21. Nf3 Qf6 22. Nxe5 Qxe5 23. exd5 Qxe2 24. Nxe2 Rxc1 25. Nxc1 Rd8 26. d6 Nf4 27. Kf1 Nd5 28.
Nd3 Rxd6 29. Nc5 b6 30. Ne4 Rd7 31. Rc1 Kg7 32. Ke2 Nf4+ 33. Kf3 e5 34. Rc3 f5 35. Ng3 Nd5 36. Rc8 e4+ 37. Ke2 Nf4+ 38. Ke1 Nxg2+ 39. Ke2 Nf4+ 40. Ke1 Nd3+ 41. Ke2 Nc5 42.
a5 Nxb3 43. axb6 axb6 44. Ke3 Nd4 45. Rb8 Nxb5 46. Rxb6 Nc3 0-1

[Event "Early-Titled-Tuesday-Blitz-March-19-2024"]
[Site "Chess.com"]
[Date "2024.03.19"]
[Round "5"]
[White "Mikasinski"]
[Black "LiadCuba"]
[Result "0-1"]
[WhiteElo "2643"]
[BlackElo "2582"]
[TimeControl "180+1"]
[EndTime "8:57:49 PDT"]
[Termination "LiadCuba won by checkmate"]

1. e4 c5 2. Nf3 d6 3. d4 cxd4 4. Nxd4 Nf6 5. Nc3 a6 6. Be2 e5 7. Nf3 Be7 8. Bg5 Nbd7 9. Bc4 O-O 10. a4 b6 11. Qe2 Bb7 12. O-O Qc7 13. Rfd1 Rfc8 14.
Ba2 h6 15. Bxf6 Nxf6 16. Rd2 Qc6 17. Nd5 Nxd5 18. Bxd5 Qc7 19. Bxb7 Qxb7 20. c3 b5 21. axb5 axb5 22. Rad1 Ra4 23. Re1 b4 24. cxb4 Rxb4 25.
h3 Rcc4 26. Red1 Rxe4 27. Qd3 Rec4 28. Qe3 Rxb2 29. Rxb2 Qxb2 30. Qa7 Bf8 31. Kh2 Rc1 32. Rd2 Qc3 33. Qa2 e4 34. Nd4 e3 35. fxe3 Qxe3 36.
Rf2 Qe5+ 37. g3 d5 38. Nf3 Qe4 39. Qd2 Rb1 40. Qc3 Rd1 41. g4 Qb1 42. Kg3 Qb8+ 43. Kh4 Be7+ 44. g5 Qf4+ 45. Kh5 Bxg5 46. Qc8+ Kh7 47.
Qc2+ g6+ 48. Qxg6+ fxg6# 0-1

[Event "Early-Titled-Tuesday-Blitz-March-19-2024"]
[Site "Chess.com"]
[Date "2024.03.19"]
[Round "5"]
[White "AttackSparrow"]
[Black "Kirill_Klukin"]
[Result "1-0"]
[WhiteElo "2655"]
[BlackElo "2800"]
[TimeControl "180+1"]
[EndTime "8:57:50 PDT"]
[Termination "AttackSparrow won by resignation"]

1. Nf3 c5 2. e3 Nf6 3. d4 e6 4. b3 b6 5. Bb2 Bb7 6. Bd3 Be7 7. O-O O-O 8. Nbd2 Nc6 9. a3 d6 10. Re1 Rc8 11. Rc1 Qc7 12. c4 cxd4 13. exd4 d5 14. Ne5 dxc4 15. Ndxc4 Qb8 16. Nxc6 Bxc6 17. Ne5 Bd5 18. Bc4 Qb7 19. Qe2 Qa8 20. Rc3 b5 21. Bxd5 Qxd5 22. Rg3 Rc7 23. h4 Rfc8 24. Qe3 Rc2 25.
Ba1 g6 26. Rf3 Rf8 27. g4 Nd7 28. Qf4 Nxe5 29. dxe5 Bxa3 30. b4 a5 31. Rxa3 Rc4 32.
Qf3 axb4 33. Qxd5 exd5 34. Rd3 Rxg4+ 35. Kf1 Rxh4 36. Rxd5 Re8 37. Rxb5 h5 38. Kg2 Rc4 39. Kf3 h4 40. Bb2 Kh7 41. Re4 Rec8 42. Rxb4 Rxe4 43. Rxe4 Rc2 44. Rxh4+ Kg7 45. Bd4 g5 46. Re4 Kg6 47. Re2 Rc4 48. Ke4 Ra4 49. Rb2 Ra1 50. Rb6+ 1-0

[Event "Early-Titled-Tuesday-Blitz-March-19-2024"]
[Site "Chess.com"]
[Date "2024.03.19"]
[Round "5"]
[White "ExtremeLearner"]
[Black "Zohid6"]
[Result "0-1"]
[WhiteElo "2564"]
[BlackElo "2866"]
[TimeControl "180+1"]
[EndTime "8:57:53 PDT"]
[Termination "Zohid6 won by checkmate"]

1. d4 d5 2. c4 e6 3. Nc3 c6 4.
cxd5 exd5 5. Nf3 h6 6. Bf4 Nf6 7. h3 Bd6 8. Bxd6 Qxd6 9. e3 O-O 10. Bd3 Re8 11. Ne5 Nbd7 12. f4 c5 13. O-O cxd4 14. exd4 Qb6 15. Kh1 Nf8 16. Na4 Qd6 17. Rc1 Ne4 18.
Bxe4 dxe4 19. Nc5 f6 20. Nc4 Qd8 21. Ne3 b6 22. Na4 Ba6 23. Rf2 Bd3 24. d5 Qd7 25. b3 Rac8 26. Rxc8 Rxc8 27. Nb2 Ba6 28. Qd4 f5 29. Qe5 Re8 30. Qc3 Ng6 31.
Nbc4 Qc7 32. d6 Qc5 33. b4 Qc6 34.
Qd4 Bxc4 35. Nxc4 e3 36. Nxe3 Re4 37. Qd2 Qd7 38. g3 Kh7 39. Kh2 h5 40. a3 h4 41.
Nf1 hxg3+ 42. Nxg3 Re8 43. Qd3 Nh4 44. Re2 Qc6 45.
Rxe8 Qg2# 0-1

[Event "Early-Titled-Tuesday-Blitz-March-19-2024"]
[Site "Chess.com"]
[Date "2024.03.19"]
[Round "5"]
[White "Alina_Gumerovna"]
[Black "emeli_chess"]
[Result "0-1"]
[WhiteElo "2164"]
[BlackElo "2418"]
[TimeControl "180+1"]
[EndTime "8:57:53 PDT"]
[Termination "emeli_chess won on time"]

1. e4 c5 2. Nf3 d6 3. d4 cxd4 4. Nxd4 Nf6 5. Nc3 a6 6. Be3 e5 7. Nb3 Be6 8. f3 Be7 9. Qd2 O-O 10. O-O-O Nbd7 11. g4 b5 12. g5 Nh5 13. Nd5 Bxd5 14. exd5 Nb6 15. Na5 Nc4 16. Nxc4 bxc4 17. Bxc4 Qc7 18.
Bb3 a5 19. a4 Rfc8 20. Kb1 Qb7 21. Rhg1 Bd8 22. f4 exf4 23. Bxf4 Nxf4 24. Qxf4 Qd7 25. h4 Bb6 26. Rgf1 Re8 27. Bc4 Be3 28. Qf3 Qa7 29. Bb5 Re7 30. Rfe1 Rf8 31. Rd3 Bc5 32. Rxe7 Qxe7 33.
Ka2 f6 34. g6 hxg6 35. Qg4 Qf7 36. Bd7 Kh7 37. Be6 Qe8 38. Rh3 f5 39. Qf4 Rf6 40. h5 Rxe6 41. hxg6+ Kxg6 42. Rg3+ Kf6 43. dxe6 Qxe6+ 44. b3 g6 45. Qg5+ Kf7 46. Qh6 Qf6 47. Qh7+ Qg7 48. Qh1 Qe5 49. Qb7+ Qe7 0-1

[Event "Early-Titled-Tuesday-Blitz-March-19-2024"]
[Site "Chess.com"]
[Date "2024.03.19"]
[Round "5"]
[White "ChessSwole"]
[Black "2KTNGO"]
[Result "0-1"]
[WhiteElo "2687"]
[BlackElo "2540"]
[TimeControl "180+1"]
[EndTime "8:57:54 PDT"]
[Termination "2KTNGO won on time"]

1. d4 Nf6 2. c4 Nc6 3. Nf3 e6 4. g3 Bb4+ 5. Bd2 Qe7 6. Bg2 Bxd2+ 7. Qxd2 Ne4 8. Qc2 Qb4+ 9. Kf1 d5 10. e3 Qxc4+ 11. Qxc4 dxc4 12. Na3 Nd6 13. Rc1 Na5 14. Ne5 Bd7 15. Ke1 Ke7 16. Naxc4 Naxc4 17. Nxc4 Rab8 18. Kd2 Rhc8 19. Ne5 Be8 20. Rc5 f6 21. Nd3 c6 22.
Rhc1 Rd8 23. Ke2 Bg6 24. Nf4 Bf7 25. h4 g6 26. b3 h6 27. Nd3 g5 28. Rh1 Rh8 29.
Nb4 Rbc8 30. Ra5 a6 31. Rc5 Nf5 32. Be4 Nd6 33. Bf3 Bg6 34. Rhc1 Be4 35. h5 Bxf3+ 36.
Kxf3 Rhg8 37. Kg2 g4 38. Nd3 Ne4 39. R5c2 Rg5 40. Nf4 e5 41. dxe5 fxe5 42. Ng6+ Ke6 43. Rc4 Nd6 44. Rb4 b5 45. a4 c5 46. axb5 cxb4 47. Rxc8 Nxc8 48. bxa6 Na7 49. Nf8+ Kf7 0-1

[Event "Early-Titled-Tuesday-Blitz-March-19-2024"]
[Site "Chess.com"]
[Date "2024.03.19"]
[Round "5"]
[White "otrov-11"]
[Black "AlanZhang"]
[Result "1-0"]
[WhiteElo "2604"]
[BlackElo "2226"]
[TimeControl "180+1"]
[EndTime "8:57:54 PDT"]
[Termination "otrov-11 won by resignation"]

1. d4 Nf6 2. c4 e6 3. g3 d5 4. Nf3 dxc4 5. Bg2 b5 6. O-O c6 7.
b3 cxb3 8. axb3 Bb7 9. Bb2 Be7 10. Nc3 Nbd7 11. Qc2 O-O 12. Rfd1 Qb6 13. Ne5 Rfd8 14. e3 c5 15. Bxb7 Qxb7 16. Qe2 a6 17. Nd3 cxd4 18.
exd4 Rac8 19. Nf4 Nb6 20. Re1 Bb4 21. Rec1 Rxd4 22. Nxb5 Rxc1+ 23. Rxc1 Rxf4 24. gxf4 axb5 25. Qxb5 Be7 26. Rc6 Nfd7 27. Bd4 Bd8 28. Rd6 Be7 29. Rc6 Bd8 30. Be3 h6 31. Rd6 Qc7 32. Rd1 Nd5 33. Qc4 Qxc4 34. bxc4 Nxe3 35. Rxd7 Bb6 36. fxe3 Bxe3+ 37.
Kg2 Bxf4 38. c5 Kf8 39. c6 Ke8 40. Rb7 g5 41. Kf3 Bxh2 42. Rd7 f5 43. Kg2 Be5 44. Rh7 g4 45. c7 Bxc7 46. Rxc7 h5 47. Rh7 e5 48. Rxh5 f4 49. Rg5 Ke7 50. Rxg4 Kf6 51. Kf3 Kf5 52. Rg8 e4+ 53. Kf2 Ke5 54. Rf8 f3 55.
Ke3 Kd5 56. Re8 f2 57. Rf8 Ke5 58. Rxf2 Kd5 59. Rf4 Ke5 60. Rxe4+ Kd6 61. Rf4 Kc5 62. Ke4 Kc4 63. Rf3 1-0

[Event "Early-Titled-Tuesday-Blitz-March-19-2024"]
[Site "Chess.com"]
[Date "2024.03.19"]
[Round "5"]
[White "vasblesk"]
[Black "shimastream"]
[Result "1/2-1/2"]
[WhiteElo "2785"]
[BlackElo "3002"]
[TimeControl "180+1"]
[EndTime "8:57:55 PDT"]
[Termination "Game drawn by repetition"]

1. d4 d5 2. c4 e6 3. Nf3 a6 4.
g3 dxc4 5. Bg2 Nc6 6. O-O Nf6 7.
a4 Rb8 8. a5 b5 9. axb6 cxb6 10. Bf4 Bd6 11. Ne5 Ne7 12. Bc6+ Kf8 13. Bg2 b5 14. b3 cxb3 15. Qxb3 Nfd5 16. Bd2 h5 17. e4 Nb6 18. Bb4 h4 19. Nd2 hxg3 20. hxg3 Kg8 21.
Ndf3 f6 22. Nd3 Bxb4 23. Nxb4 Na4 24. d5 Rb6 25. Nd4 exd5 26. exd5 Rd6 27. Ndc6 Qf8 28. Nxe7+ Qxe7 29. Nc6 Qf8 30. Qe3 Bd7 31. Rfe1 Rh5 32.
Qf4 Kf7 33. Ne5+ Kg8 34. Nxd7 Rxd7 35. Bf3 Rg5 36. Re6 Nc5 37. Rc6 Nd3 38. Qe3 Ne5 39. Rcxa6 Nxf3+ 40. Qxf3 Rgxd5 41. Ra8 Rd8 42. Rxd8 Rxd8 43.
Qb3+ Qf7 44. Qxb5 Qd5 45. Qxd5+ Rxd5 46. Ra7 Re5 47. Kg2 g5 48. g4 Re4 49. f3 Rf4 50. Kf2 Kf8 51. Kg3 Rd4 52. Ra6 Rf4 53. Ra7 Rd4 54.
Rb7 Rc4 55. Ra7 Rd4 1/2-1/2

[Event "Early-Titled-Tuesday-Blitz-March-19-2024"]
[Site "Chess.com"]
[Date "2024.03.19"]
[Round "5"]
[White "ketster"]
[Black "Gabix_94"]
[Result "1-0"]
[WhiteElo "2558"]
[BlackElo "2747"]
[TimeControl "180+1"]
[EndTime "8:57:55 PDT"]
[Termination "ketster won by resignation"]

1. d4 Nf6 2. c4 g6 3. Nc3 Bg7 4.
e4 d6 5. Nge2 O-O 6. Ng3 c5 7.
d5 e6 8. Be2 exd5 9. cxd5 h5 10. Bg5 a6 11. a4 Re8 12. O-O Qc7 13. Qd2 Nbd7 14. h3 Nh7 15. Bh6 h4 16. Bxg7 Kxg7 17. Nh1 Ndf6 18. Qc2 Bd7 19. f4 c4 20. a5 Qc5+ 21.
Nf2 Re7 22. Kh2 Rae8 23. Na4 Qe3 24. Ra3 Qxf4+ 25. Kg1 Qe5 26. Bxc4 Bxa4 27. Qxa4 Ng5 28. Bd3 Rc8 29. Qb4 Rc5 30. Rb3 Rec7 31. Qd2 Nh5 32. Ng4 Qd4+ 33. Qe3 Qxe3+ 34. Nxe3 Ng3 35. Rf4 Rxa5 36.
Rxh4 Rc1+ 37. Kh2 Re1 38. Kxg3 Rxe3+ 39. Kf2 Rxd3 40. Rxd3 Ra4 41. Ke3 f5 42. Rd4 Ra2 43. exf5 Rxb2 44. fxg6 Rxg2 45. Rhg4 Rxg4 46. Rxg4 Nxh3 47.
Kf3 a5 48. Kg3 a4 49. Kxh3 b5 50. Rb4 a3 51. Rxb5 Kxg6 52. Ra5 Kf5 53. Rxa3 Ke4 54.
Ra5 Kd4 55. Kg4 Kc4 56. Kf5 Kb4 57. Ra6 Kc4 58. Ke6 Kb5 59. Kxd6 Kxa6 60. Kc7 Ka7 61.
d6 1-0

[Event "Early-Titled-Tuesday-Blitz-March-19-2024"]
[Site "Chess.com"]
[Date "2024.03.19"]
[Round "5"]
[White "Zq1"]
[Black "Gryffindorac8"]
[Result "0-1"]
[WhiteElo "2589"]
[BlackElo "2393"]
[TimeControl "180+1"]
[EndTime "8:57:56 PDT"]
[Termination "Gryffindorac8 won on time"]

1. d4 Nf6 2. c4 c5 3. Nf3 cxd4 4. Nxd4 e5 5. Nb5 d5 6. cxd5 Bc5 7. N5c3 O-O 8. g3 e4 9. Bg2 Re8 10. O-O Bf5 11.
Bg5 h6 12. Bxf6 Qxf6 13. e3 Nd7 14. Nd2 Qg6 15. Rc1 Rad8 16. Qa4 Nb6 17. Qb5 Bf8 18.
a4 Re7 19. a5 Nc8 20. Ncxe4 Bxe4 21. Nxe4 Rxe4 22. Bxe4 Qxe4 23. Qxb7 Nd6 24. Qxa7 Qxd5 25. Rfd1 Qf3 26. Rf1 Ne4 27. Rc2 Rd1 28. Qc7 Nd2 29. Rxd2 Rxd2 30. a6 Rxb2 31. a7 Ra2 32. Qb8 Qc6 33.
h4 Qa6 34. h5 Qxa7 35. Qb3 Qa4 36. Qd5 Qc2 37. Qf3 Ra6 38. Kg2 Rf6 39. Qd5 Qc6 40. Qxc6 Rxc6 41. g4 Rf6 42. Kg3 Bd6+ 43. f4 Re6 44. Kf3 Bf8 45. e4 Ra6 46. e5 Ra3+ 47. Ke4 Ra4+ 48. Kf5 Kh7 49. Rd1 Be7 50. Rd7 Bc5 51.
Rxf7 Be3 52. Ke6 Rxf4 0-1

[Event "Early-Titled-Tuesday-Blitz-March-19-2024"]
[Site "Chess.com"]
[Date "2024.03.19"]
[Round "5"]
[White "HajiyevKanan"]
[Black "IMchanged"]
[Result "1-0"]
[WhiteElo "2533"]
[BlackElo "2674"]
[TimeControl "180+1"]
[EndTime "8:57:57 PDT"]
[Termination "HajiyevKanan won by resignation"]

1. d4 g6 2. Nf3 Bg7 3. g3 c5 4. Bg2 cxd4 5. Nxd4 Nc6 6. e3 Nf6 7. O-O Nxd4 8. exd4 d5 9. Qe2 O-O 10. c3 Bf5 11. Bf4 Qd7 12. a4 Rac8 13. Nd2 h6 14. Rfe1 Rfe8 15. Be5 a6 16. a5 Ng4 17. Bxg7 Kxg7 18. Nb3 Nf6 19. Nc5 Qc7 20. Qe5 e6 21. Qxc7 Rxc7 22. h3 Nd7 23. g4 Nxc5 24. dxc5 Bd3 25.
b4 Bb5 26. Bxd5 Rd8 27. Bg2 Rd3 28. Re3 Rxe3 29. fxe3 Rd7 30. Rc1 Bc4 31. Rc2 Kf6 32. Kf2 Ke5 33. Ke1 f5 34. Rd2 Rxd2 35. Kxd2 Bd5 36.
Bf1 fxg4 37. hxg4 h5 38. gxh5 gxh5 39. c4 Bc6 40. b5 Be4 41. Bh3 Bf3 42. Kd3 h4 43. Kd2 Kf6 44. Kc3 Ke5 45. Kd3 Bh1 46.
Ke2 Be4 47. Kf2 axb5 48. cxb5 Kd5 49. c6 bxc6 50. b6 Kd6 51. a6 c5 52. a7 c4 53.
Bg2 c3 54. Bxe4 c2 55. Bxc2 1-0

[Event "Early-Titled-Tuesday-Blitz-March-19-2024"]
[Site "Chess.com"]
[Date "2024.03.19"]
[Round "5"]
[White "Akylbek2021"]
[Black "Golubovsky"]
[Result "1-0"]
[WhiteElo "2334"]
[BlackElo "2507"]
[TimeControl "180+1"]
[EndTime "8:57:57 PDT"]
[Termination "Akylbek2021 won on time"]

1. e4 c5 2. Nc3 d5 3. exd5 Nf6 4. Bb5+ Bd7 5. Bc4 a6 6. a4 Bf5 7. Nf3 Nbd7 8. a5 g6 9. d4 Bg7 10. O-O O-O 11. h3 Ne4 12. Nxe4 Bxe4 13. dxc5 Nxc5 14.
Be3 Rc8 15. c3 Qd6 16. Re1 Bf5 17. Ba2 Nd3 18. Re2 Rfd8 19. Bd4 Nf4 20. Rd2 Bh6 21. Be3 Qf6 22. Nd4 Be4 23. Qg4 Bxg2 24. Rad1 Bxh3 25. Qg3 Bd7 26. c4 Nh3+ 27. Kg2 Bxe3 28. fxe3 Ng5 29. Rf2 Ne4 30. Rxf6 Nxg3 31. Rf4 Nh5 32. Rf2 Nf6 33. Rdf1 Be8 34. b4 Ne4 35. Rb2 Nc3 36. Rc1 Nxa2 37.
Rxa2 Rxd5 38. Rac2 Re5 39. Kf3 Bd7 40. b5 Kg7 41. bxa6 bxa6 42. c5 Bc6+ 43. Kf2 h5 44.
Rb2 h4 45. Rb6 Bd7 46. c6 Be8 47. Rxa6 g5 48. Ra7 Rd5 49. Nf3 1-0

[Event "Early-Titled-Tuesday-Blitz-March-19-2024"]
[Site "Chess.com"]
[Date "2024.03.19"]
[Round "5"]
[White "Grischuk"]
[Black "Beca95"]
[Result "1-0"]
[WhiteElo "3093"]
[BlackElo "2975"]
[TimeControl "180+1"]
[EndTime "8:57:58 PDT"]
[Termination "Grischuk won on time"]

1. d4 Nf6 2. c4 e6 3. Bg5 c5 4.
d5 exd5 5. cxd5 d6 6. e4 Nbd7 7. Bd3 Be7 8. Bf4 c4 9. Bc2 b5 10. Nd2 Bb7 11. Ne2 a6 12. b3 cxb3 13. Nxb3 Nc5 14.
Nxc5 dxc5 15. O-O Nh5 16. Be3 O-O 17. g4 Nf6 18. Ng3 g6 19. g5 Nd7 20. f4 Nb6 21.
Qe2 Re8 22. Rad1 Qc7 23. h4 Bf8 24. h5 Rad8 25. Qf3 Bg7 26. Rf2 Nc4 27. h6 Bh8 28.
Bc1 Bd4 29. Rxd4 cxd4 30. Qd3 Qc5 31. Ne2 Ne3 32. Nxd4 Nxc2 33. Rxc2 Qb6 34. Be3 Qd6 35. Nf3 f6 36. Qd4 Rf8 37. Bd2 Qd7 38. Kf2 fxg5 39. Nxg5 Rde8 40. Kg3 Rc8 41. Bc3 Rxc3+ 42. Rxc3 Bc8 43.
Ne6 Re8 44. Rc7 1-0

[Event "Early-Titled-Tuesday-Blitz-March-19-2024"]
[Site "Chess.com"]
[Date "2024.03.19"]
[Round "5"]
[White "Orest_Vovk"]
[Black "Vaibhavraut99"]
[Result "0-1"]
[WhiteElo "2527"]
[BlackElo "2710"]
[TimeControl "180+1"]
[EndTime "8:57:59 PDT"]
[Termination "Vaibhavraut99 won on time"]

1. e4 c5 2. Na3 Nc6 3. g3 g6 4. Bg2 Bg7 5. c3 d6 6. Nf3 Nf6 7. d3 O-O 8. O-O Rb8 9. Be3 b5 10. Nc2 c4 11. Nfd4 Nxd4 12. Nxd4 Qc7 13. f3 Nd7 14. Nc2 cxd3 15. Qxd3 Ne5 16. Qe2 Be6 17.
Rfd1 a5 18. Nd4 Bc4 19. Qc2 Rfc8 20. b3 Be6 21. Nxe6 fxe6 22. Rac1 Rf8 23. Qe2 Nc6 24. Bh3 e5 25. Be6+ Kh8 26. Rd5 Nd4 27. cxd4 Qb7 28. dxe5 dxe5 29. Qc2 Rxf3 30. Qe2 Rbf8 31. Bg4 R3f7 32.
Rcd1 a4 33. Bh3 axb3 34. axb3 Rf3 35. Bg2 R3f7 36. Rd8 Qc6 37. Rxf8+ Rxf8 38. Qd3 h6 39. Qd5 Qc2 40. Qd3 Qb2 41. h3 Kh7 42. Kh2 Rc8 43. Rd2 Qa1 44. Rd1 Qb2 45. Rf1 Rc2 46.
Rg1 Rc3 47. Qd2 Qxb3 48. Bf2 Rc2 49. Qe1 Qb2 50. Rf1 b4 51. Kg1 b3 52. Bb6 Rxg2+ 0-1

[Event "Early-Titled-Tuesday-Blitz-March-19-2024"]
[Site "Chess.com"]
[Date "2024.03.19"]
[Round "5"]
[White "Hope_6"]
[Black "XDPS"]
[Result "0-1"]
[WhiteElo "2707"]
[BlackElo "2915"]
[TimeControl "180+1"]
[EndTime "8:58:00 PDT"]
[Termination "XDPS won by resignation"]

1. e4 c5 2. Nf3 e6 3. d4 cxd4 4.
Nxd4 a6 5. Bd3 Bc5 6. Nb3 Ba7 7. Qg4 Nf6 8. Qg3 d6 9. Be3 Bxe3 10. Qxe3 Nc6 11.
O-O O-O 12. Rd1 Qc7 13. Be2 b5 14. a4 bxa4 15. Rxa4 Bb7 16. Nc3 Rfd8 17. Rda1 Ne5 18. Na5 Bc8 19. Nc4 Rb8 20. Nxe5 dxe5 21. b3 h6 22. h3 Rd6 23. Bxa6 Bxa6 24. Rxa6 Rxa6 25. Rxa6 Rc8 26. Ne2 Qxc2 27. Ra1 Qxe4 28. Qxe4 Nxe4 29. Rb1 Rc2 30. Ng3 Nd2 31. Re1 f6 32. Nh5 Nxb3 33.
f4 Rc1 34. Rxc1 Nxc1 35. fxe5 f5 36. Nf4 Kf7 37. g4 g5 38. Ng2 Nd3 39. Ne3 Kg6 40. gxf5+ exf5 41. e6 f4 42. e7 Kf7 43. Nf5 h5 44. Ng7 Kxe7 45. Nxh5 Kf7 46. Kg2 Kg6 47. Ng3 fxg3 48. Kxg3 Kh5 0-1